cohdb
Replays
Latest Replays
All Replays
Popular Replays
Top Player Replays
Match Explorer
How It Works
Community
CoH3 Stats
Reddit
Sign in to upload your games and track your stats! →
Sign in with Steam
Match 42873044
Unlisted
Match 42873044
Overview
Messages
Build Orders
End
Panzergrenadier Squad
Panzergrenadier Squad
250 Light Carrier
Selects Panzerjäger Kommand Battlegroup
Construct Light Support Kompanie
Selects GrB 39 Grenade Launcher Requisition
2.5-tonne Medical Truck
Panzergrenadier Squad
MG34 Team
MG34 Team
Fire Support Elements
Pak 38 Mechanized Group
N0.1<x-
PotatoHead
trea
Dark Angels
Officer
淡定红茶BlackTea
Seraph
Zannen
0
0
Comments
sign in to comment!
No comments posted yet!